 Dungeon Crawl Stone Soup version 0.28-a0-863-g8cecda6153 (webtiles) character file.

Game seed: 733181444005201467

85 Htamos the Skirmisher (level 4, -1/52 HPs)
             Began as an Ogre Berserker on Nov 17, 2021.
             Was a Believer of Trog.
             Slain by a gnoll (5 damage)
             ... on level 1 of the Dungeon.
             The game lasted 00:03:08 (2067 turns).

Htamos the Skirmisher (Ogre Berserker)              Turns: 2067, Time: 00:03:08

Health: -1/52      AC:  4    Str: 22    XL:     4   Next: 48%
Magic:  4/4        EV: 10    Int:  8    God:    Trog [**....]
Gold:   50         SH:  0    Dex:  8    Spells: 3/3 levels left

rFire   . . .      SeeInvis .   a - +0 hand axe
rCold   . . .      Faith    .   (no shield)
rNeg    . . .      Spirit   .   b - +0 animal skin
rPois   .          Reflect  .   (helmet restricted)
rElec   .          Harm     .   d - +0 cloak
rCorr   .          Rampage  .   (gloves unavailable)
Will    .....                   (boots unavailable)
Stlth   +.........              (no amulet)
HPRegen 0.17/turn               (no ring)
MPRegen 0.09/turn               (no ring)

@: no status effects
A: large, unfitting armour, tough skin 1
a: Renounce Religion, Berserk, Trog's Hand


You were on level 1 of the Dungeon.
You worshipped Trog.
Trog was pleased with you.
You visited 1 branch of the dungeon, and saw 2 of its levels.

You collected 50 gold pieces.

Inventory:

Hand Weapons
 a - a +0 hand axe (weapon)
Missiles
 h - 2 datura-tipped darts (quivered)
Armour
 b - a +0 animal skin (worn)
 d - a +0 cloak (worn)
Scrolls
 f - a scroll of fear {unknown}
 i - a scroll of identify {unknown}
Potions
 c - a potion of haste {unknown}
 e - a potion of might {unknown}
 g - a potion of brilliance {unknown}
 j - a potion of degeneration {unknown}


   Skills:
 * Level 6.0 Fighting
 + Level 3.8 Axes
 - Level 2.7 Dodging


You had 3 spell levels left.
You didn't know any spells.
Your spell library was empty.

Dungeon Overview and Level Annotations

Branches:
Dungeon (2/15)

Altars:


Innate Abilities, Weirdness & Mutations

You are too large for most types of armour.
You have tough skin. (AC +1)


Message History

The gnoll hits you with a +0 spear.
You completely miss the gnoll. The gnoll hits you but does no damage.
You barely miss the gnoll. The gnoll closely misses you.
You barely miss the gnoll. The gnoll hits you but does no damage.
The gnoll hits you with a +0 spear.
You hit the gnoll but do no damage. The gnoll hits you with a +0 spear!
You barely miss the gnoll. The gnoll hits you with a +0 spear!
* * * LOW HITPOINT WARNING * * *
The gnoll hits you from afar with a +0 spear.
* * * LOW HITPOINT WARNING * * *
There is an escape hatch in the floor here.
There is a stone staircase leading down here.
There is a stone staircase leading down here.
The gnoll closely misses you.
The gnoll hits you from afar with a +0 spear.
* * * LOW HITPOINT WARNING * * *
The gnoll hits you with a +0 club.
* * * LOW HITPOINT WARNING * * *
The gnoll hits you from afar with a +0 spear.
* * * LOW HITPOINT WARNING * * *
The gnoll hits you from afar with a +0 spear.
* * * LOW HITPOINT WARNING * * *
You see here a +0 club.
There is a stone staircase leading up here.
The gnoll hits you from afar with a +0 spear!
* * * LOW HITPOINT WARNING * * *
You climb upwards.
There is a stone staircase leading down here.
You closely miss the gnoll. The gnoll hits you with a +0 club!
* * * LOW HITPOINT WARNING * * *
You hit the gnoll.
The gnoll is lightly wounded.
The gnoll completely misses you.
You barely miss the gnoll.
The gnoll is lightly wounded.
The gnoll closely misses you.
You slash the gnoll!
The gnoll is severely wounded.
The gnoll hits you with a +0 club.
You die...

#.# #.####.#####..........###
#.# #..........†..####....###
#.# #............#####......#
#.# #........................
#.# #...........######..)....
#.# #...........# #......#
#.# #.##..############.##....
#.###.#..#########.....##...#
#.#......# #@g.....######...#
#...#..### #......## #...#
#####..# #......# #...# ####
######## #####


You could see a gnoll.

Vanquished Creatures
  Robin (D:2)
  An adder (D:2)
  A dart slug (D:1)
  7 endoplasms
  A giant cockroach (D:1)
  11 goblins
  4 hobgoblins
  11 jackals
  3 quokkas (D:2)
  4 ball pythons
  3 bats
  3 frilled lizards
  3 kobolds
  3 rats
56 creatures vanquished.

Notes
Turn   | Place    | Note
-------+----------+-------------------------------------------
     0 | D:1      | Htamos the Ogre Berserker began the quest for the Orb.
     0 | D:1      | Reached XP level 1. HP: 24/24 MP: 1/1
    97 | D:1      | Reached XP level 2. HP: 22/33 MP: 2/2
   468 | D:1      | Reached skill level 5 in Fighting
   478 | D:1      | Reached XP level 3. HP: 27/42 MP: 3/3
   808 | D:1      | Reached ** piety under Trog
  1519 | D:2      | Reached XP level 4. HP: 52/52 MP: 4/4
  1711 | D:2      | Noticed Robin
  1727 | D:2      | Killed Robin
  1728 | D:2      | Reached skill level 6 in Fighting
  2067 | D:1      | Slain by a gnoll

Illustrated notes

Levels and vault maps discovered:
D:1:      ncdulo_wetmaze, layout_rooms, ebering_dispersal_statue_hall,
          minmay_misc_feat_rows
D:2:      layout_loops_ring, grunt_ministairs_11, uniq_robin

Skill      XL: |  1  2  3  4 |
---------------+-------------+-----
Fighting       | 5 6 |  6.0
Axes           | |  3.8
Dodging        | |  2.7

Action                   |  1- 3 |  4- 6 || total
-------------------------+-------+-------++-------
Melee: Hand axe          |   160 |    50 ||   210
 Stab: Distracted        |       |     1 ||     1
       Sleeping          |       |     1 ||     1
Armor: Animal skin       |    65 |    14 ||    79
Dodge: Dodged            |    86 |    22 ||   108

Table legend: (Time is in decaauts)
 A = Elapsed time spent in this place.
 B = Non-inter-level travel time spent in this place.
 C = Inter-level travel time spent in this place.
 D = Time resting spent in this place.
 E = Time spent auto-exploring this place.
 F = Levels seen in this place.
 G = Mean time per level.
                   A        B        C        D        E       F      G
               +--------+--------+--------+--------+--------+-----+--------+
         Total |   2101 |   2088 |     13 |      0 |   1634 |   2 | 1050.5 |
       Dungeon |   2101 |   2088 |     13 |      0 |   1634 |   2 | 1050.5 |
               +--------+--------+--------+--------+--------+-----+--------+

Top non-repeatable levels by time:
     D:1: 1250 daAuts
     D:2: 850 daAuts
